Sharks vs Rangers

Created - March 21 2012 at 18:57

Goals
1 2 3 OT1 T
Sharks 3 2 0 1 6
Rangers 0 4 1 0 5
Shots
1 2 3 OT1 T
Sharks 10 7 8 5 30
Rangers 12 20 9 0 41

Period #1

1. Sharks , Jason Arnott 21 (Johan Franzen, Alex Tanguay) at 3:17
2. Sharks , Johan Franzen 28 (Jason Arnott, Andrew Ference) at 6:28
3. Sharks , Alex Tanguay 23 (Johan Franzen) at 9:24 (PP)

Penalties :
Bryan McCabe (SJS) for Hooking (Minor) at 3:45, Luke Schenn (NYR) for Fighting (Major) at 7:27, Mark Stuart (SJS) for Fighting (Major) at 7:27, Luke Schenn (NYR) for instigated a fight (Game Misconduct) at 7:27, Guillaume Latendresse (NYR) for Roughing (Minor) at 12:54

Period #2

4. Sharks , Mike Ribeiro 18 (Ryan Malone) at 0:04
5. Sharks , Bryan McCabe 15 (Alex Tanguay, Johan Franzen) at 0:36
6. Rangers , Mike Cammalleri 31 (Vinny Prospal, Marc Staal) at 3:16
7. Rangers , Marc Staal 9 (Rene Bourque, Scottie Upshall) at 13:28
8. Rangers , Scottie Upshall 1 (Vinny Prospal, Tom Pyatt) at 13:43
9. Rangers , Stephane Robidas 11 (Frans Nielsen, Mike Cammalleri) at 19:31

Penalties :
Johnny Boychuk (SJS) for Holding (Minor) at 7:50, Eric Belanger (SJS) for Goalie Interference (Minor) at 8:12, Mark Stuart (SJS) for Holding (Minor) at 11:13, Jannik Hansen (SJS) for High sticking (Minor) at 14:40

Period #3

10. Rangers , Vinny Prospal 20 (Frans Nielsen, Stephane Robidas) at 0:51 (PP)

Penalties :
Johnny Boychuk (SJS) for Hooking (Minor) at 0:19, Jannik Hansen (SJS) for Holding (Minor) at 7:37, Marc Staal (NYR) for Holding (Minor) at 15:41

Overtime #1

11. Sharks , Ryan Malone 17 (Mark Stuart, Eric Belanger) at 4:21

Penalties :
No Penalty

Goalie Stats

Brian Elliott (SJS), 36 saves from 41 shots - (0.878), W, 19-19-4, 64:22 minutes
Niklas Backstrom (NYR), 7 saves from 11 shots - (0.636), 20:04 minutes
Martin Biron (NYR), 17 saves from 19 shots - (0.895), OTL, 9-11-3, 44:18 minutes

Players Stats

Sharks
Player Name              G  A  P  +/- PIM S  H  SB FO    MP 
------------------------------------------------------------
Alex Tanguay             1  2  3   4  0   4  0  0  3/4   19 
Andrew Ference           0  1  1   3  0   0  5  3  0/0   23 
Bryan McCabe             1  0  1   3  2   1  0  0  0/0   22 
David Moss               0  0  0  -3  0   2  0  1  0/0   14 
Eric Belanger            0  1  1   1  2   3  1  0  12/23 18 
Ian White                0  0  0   0  0   1  0  1  0/0   24 
Jannik Hansen            0  0  0   0  4   0  2  0  0/1   10 
Jason Arnott             1  1  2   3  0   1  1  0  13/27 20 
Johan Franzen            1  3  4   3  0   5  2  0  3/4   20 
Johnny Boychuk           0  0  0  -2  4   0  2  4  0/0   25 
Lauri Korpikoski         0  0  0   0  2   3  0  0  0/2   15 
Marc Savard              0  0  0  -3  0   2  0  0  4/11  13 
Mark Stuart              0  1  1   0  7   0  1  0  0/0   16 
Matt Niskanen            0  0  0  -3  0   0  3  1  0/0   12 
Mike Ribeiro             1  0  1   0  0   4  0  0  10/18 16 
Ryan Malone              1  1  2   1  0   1  2  0  1/1   10 
Shane Doan               0  0  0   0  0   3  2  0  0/1   16 
Vladimir Sobotka         0  0  0  -3  0   0  2  0  0/2   11 
Rangers
Player Name              G  A  P  +/- PIM S  H  SB FO    MP 
------------------------------------------------------------
Ben Lovejoy              0  0  0   0  0   3  0  0  0/0   21 
David Perron             0  0  0   0  0   2  0  0  1/1   12 
Francois Beauchemin      0  0  0   0  0   3  2  3  0/0   23 
Frans Nielsen            0  2  2   1  0   4  0  0  19/28 22 
Guillaume Latendresse    0  0  0   0  2   2  0  0  0/1   15 
Keith Ballard            0  0  0   0  0   0  1  1  0/0   16 
Kyle Okposo              0  0  0   0  0   2  0  0  1/2   17 
Luke Schenn              0  0  0   0  15  1  0  0  0/0   2  
Marc Staal               1  1  2  -2  2   6  0  2  0/0   27 
Mike Cammalleri          1  1  2   0  0   2  0  0  1/2   20 
Radim Vrbata             0  0  0  -1  0   1  0  0  0/2   8  
Rene Bourque             0  1  1   1  0   3  2  0  0/0   21 
Scott Gomez              0  0  0   1  0   2  0  0  10/24 23 
Scottie Upshall          1  1  2   0  0   2  2  0  0/0   11 
Stephane Robidas         1  1  2  -2  0   3  6  5  0/0   27 
Tom Pyatt                0  1  1  -1  0   0  0  0  5/13  13 
Troy Brouwer             0  0  0  -1  0   0  2  0  1/1   12 
Vinny Prospal            1  2  3   0  0   5  2  0  10/20 21 

3 Stars

1 - Johan Franzen (SJS)
2 - Alex Tanguay (SJS)
3 - Jason Arnott (SJS)

Power Play

Sharks - 1 on 3 Attempt(s) - 33.33%
Rangers - 1 on 7 Attempt(s) - 14.29%

Penalty Kill

Sharks - 6 on 7 Attempt(s) - 85.71% - Score 0 goal in Penalty Kill
Rangers - 2 on 3 Attempt(s) - 66.67% - Score 0 goal in Penalty Kill

Game Notes

Luke Schenn beats up Mark Stuart at 7:27 of 1st period
Luke Schenn ejected from game at 7:27 of 1st period
Martin Biron enters game at 0:04 of 2nd period
Radim Vrbata is injured at 6:25 of 2nd period (Bruised Right Leg)

Finance

Level 1 -- Attendance: 3418 (52.58%) -- Ticket Income $427,250.00
Level 2 -- Attendance: 2870 (57.40%) -- Ticket Income $215,250.00
Level 3 -- Attendance: 1688 (48.23%) -- Ticket Income $84,400.00
Level 4 -- Attendance: 1798 (81.73%) -- Ticket Income $44,950.00
Luxury Box -- Attendance: 591 (59.10%) -- Ticket Income $147,750.00
Game was played at the Madison Square Garden
Total Attendance: 10365 (56.95%)
Total Ticket Income: $941,065.50
Other Income: $220,335.30
Total Income: $1,161,401.00


Play by Play

Period #1

0:01 of 1st period - Vinny Prospal wins face-off versus Shane Doan in neutral zone.
0:08 of 1st period - Shot by Mike Cammalleri.
0:08 of 1st period - Shot Misses the Net.
0:10 of 1st period - Shot by Marc Staal.
0:10 of 1st period - Shot Misses the Net.
0:12 of 1st period - Shot by Mike Cammalleri.
0:12 of 1st period - Stopped by Brian Elliott with a rebound.
0:30 of 1st period - Shot by Mike Cammalleri.
0:30 of 1st period - Shot Misses the Net.
0:34 of 1st period - Shot by Vinny Prospal.
0:34 of 1st period - Shot Misses the Net.
0:38 of 1st period - Shot by David Perron.
0:38 of 1st period - Shot Misses the Net.
0:42 of 1st period - Shot by Marc Staal.
0:42 of 1st period - Stopped by Brian Elliott without a rebound.
0:43 of 1st period - Frans Nielsen wins face-off versus Jason Arnott in Sharks zone.
0:46 of 1st period - Shot by Rene Bourque.
0:46 of 1st period - Shot Misses the Net.
0:48 of 1st period - Shot by Francois Beauchemin.
0:48 of 1st period - Stopped by Brian Elliott without a rebound.
0:49 of 1st period - Scott Gomez wins face-off versus Jason Arnott in Sharks zone.
1:23 of 1st period - Scott Gomez is hit by Andrew Ference.
3:09 of 1st period - Shot by Mike Cammalleri.
3:09 of 1st period - Deflect By Vinny Prospal.
3:09 of 1st period - Stopped by Brian Elliott without a rebound.
3:10 of 1st period - Alex Tanguay wins face-off versus Tom Pyatt in Sharks zone.
3:17 of 1st period - Shot by Jason Arnott.
3:17 of 1st period - Goal by Jason Arnott - Sharks : 1 - Rangers : 0.
3:18 of 1st period - Alex Tanguay wins face-off versus Tom Pyatt in neutral zone.
3:18 of 1st period - Johan Franzen is hit by Troy Brouwer and loses puck.
3:24 of 1st period - Icing by Johan Franzen.
3:25 of 1st period - Scott Gomez wins face-off versus Jason Arnott in Sharks zone.
3:45 of 1st period - Minor Penalty to Bryan McCabe for Hooking.
3:46 of 1st period - Mike Ribeiro wins face-off versus Frans Nielsen in Sharks zone.
4:17 of 1st period - Shot by Luke Schenn.
4:17 of 1st period - Stopped by Brian Elliott without a rebound.
4:18 of 1st period - Vinny Prospal wins face-off versus Lauri Korpikoski in Sharks zone.
4:25 of 1st period - Shot by Mike Cammalleri.
4:25 of 1st period - Deflect By Vinny Prospal.
4:25 of 1st period - Shot Misses the Net.
4:51 of 1st period - Shot by Stephane Robidas.
4:51 of 1st period - Shot Misses the Net.
4:53 of 1st period - Shot by Stephane Robidas.
4:53 of 1st period - Shot Misses the Net.
4:59 of 1st period - Shot by David Perron.
4:59 of 1st period - Stopped by Brian Elliott with a rebound.
5:01 of 1st period - Shot by Stephane Robidas.
5:01 of 1st period - Shot Blocked by Andrew Ference.
5:34 of 1st period - Icing by Radim Vrbata.
5:35 of 1st period - Mike Ribeiro wins face-off versus Radim Vrbata in Rangers zone.
6:00 of 1st period - Shot by Guillaume Latendresse.
6:00 of 1st period - Stopped by Brian Elliott without a rebound.
6:01 of 1st period - Troy Brouwer wins face-off versus Jason Arnott in Sharks zone.
6:26 of 1st period - Shot by Jason Arnott.
6:26 of 1st period - Shot Blocked by Stephane Robidas.
6:28 of 1st period - Shot by Johan Franzen.
6:28 of 1st period - Goal by Johan Franzen - Sharks : 2 - Rangers : 0.
6:29 of 1st period - Scott Gomez wins face-off versus Marc Savard in neutral zone.
6:29 of 1st period - Kyle Okposo is hit by Vladimir Sobotka and loses puck.
6:59 of 1st period - Icing by Keith Ballard.
7:00 of 1st period - Eric Belanger wins face-off versus Scott Gomez in Rangers zone.
7:06 of 1st period - Icing by Keith Ballard.
7:07 of 1st period - Eric Belanger wins face-off versus Guillaume Latendresse in Rangers zone.
7:27 of 1st period - Luke Schenn beats up Mark Stuart.
7:27 of 1st period - Penalty to Luke Schenn for Fighting.
7:27 of 1st period - Penalty to Mark Stuart for Fighting.
7:27 of 1st period - Penalty to Luke Schenn for instigated a fight.
7:27 of 1st period - Luke Schenn is ejected from game.
7:28 of 1st period - Frans Nielsen wins face-off versus Jason Arnott in neutral zone.
7:53 of 1st period - Shot by Bryan McCabe.
7:53 of 1st period - Shot Blocked by Keith Ballard.
8:59 of 1st period - Shot by Johan Franzen.
8:59 of 1st period - Stopped by Niklas Backstrom without a rebound.
9:00 of 1st period - Frans Nielsen wins face-off versus Johan Franzen in Rangers zone.
9:00 of 1st period - Frans Nielsen is hit by Johan Franzen.
9:24 of 1st period - Shot by Alex Tanguay.
9:24 of 1st period - Goal by Alex Tanguay - Sharks : 3 - Rangers : 0.
9:25 of 1st period - Frans Nielsen wins face-off versus Vladimir Sobotka in neutral zone.
10:21 of 1st period - Icing by Marc Staal.
10:22 of 1st period - Eric Belanger wins face-off versus Vinny Prospal in Rangers zone.
10:22 of 1st period - Ian White is hit by Stephane Robidas and loses puck.
11:04 of 1st period - Kyle Okposo is hit by Andrew Ference and loses puck.
11:29 of 1st period - Off-side.
11:30 of 1st period - Jason Arnott wins face-off versus Radim Vrbata in neutral zone.
11:32 of 1st period - Off-side.
11:33 of 1st period - Frans Nielsen wins face-off versus Marc Savard in neutral zone.
11:38 of 1st period - Shot by Rene Bourque.
11:38 of 1st period - Shot Misses the Net.
11:40 of 1st period - Shot by Francois Beauchemin.
11:40 of 1st period - Stopped by Brian Elliott without a rebound.
11:41 of 1st period - Jason Arnott wins face-off versus Frans Nielsen in Sharks zone.
11:41 of 1st period - Jason Arnott is hit by Rene Bourque.
12:07 of 1st period - Alex Tanguay is hit by Stephane Robidas and loses puck.
12:10 of 1st period - Shot by Alex Tanguay.
12:10 of 1st period - Stopped by Niklas Backstrom without a rebound.
12:11 of 1st period - Mike Ribeiro wins face-off versus Tom Pyatt in Rangers zone.
12:41 of 1st period - Shot by Marc Staal.
12:41 of 1st period - Shot Misses the Net.
12:43 of 1st period - Shot by Marc Staal.
12:43 of 1st period - Stopped by Brian Elliott without a rebound.
12:44 of 1st period - Jason Arnott wins face-off versus Scott Gomez in Sharks zone.
12:54 of 1st period - Minor Penalty to Guillaume Latendresse for Roughing.
12:55 of 1st period - Jason Arnott wins face-off versus Scott Gomez in Rangers zone.
13:24 of 1st period - Shot by Andrew Ference.
13:24 of 1st period - Shot Misses the Net.
13:48 of 1st period - Shot by Ryan Malone.
13:48 of 1st period - Shot Misses the Net.
13:50 of 1st period - Shot by Johnny Boychuk.
13:50 of 1st period - Shot Misses the Net.
13:52 of 1st period - Shot by Ryan Malone.
13:52 of 1st period - Shot Misses the Net.
13:54 of 1st period - Shot by Ian White.
13:54 of 1st period - Stopped by Niklas Backstrom without a rebound.
13:55 of 1st period - Frans Nielsen wins face-off versus Jason Arnott in Rangers zone.
15:28 of 1st period - Shot by David Moss.
15:28 of 1st period - Shot Misses the Net.
16:01 of 1st period - Icing by Marc Staal.
16:02 of 1st period - Johan Franzen wins face-off versus Vinny Prospal in Rangers zone.
16:26 of 1st period - Icing by Radim Vrbata.
16:27 of 1st period - Vinny Prospal wins face-off versus Eric Belanger in Rangers zone.
16:42 of 1st period - Shot by Eric Belanger.
16:42 of 1st period - Stopped by Niklas Backstrom without a rebound.
16:43 of 1st period - Mike Ribeiro wins face-off versus Scott Gomez in Rangers zone.
16:54 of 1st period - Shot by Mike Ribeiro.
16:54 of 1st period - Stopped by Niklas Backstrom without a rebound.
16:55 of 1st period - Scott Gomez wins face-off versus Vladimir Sobotka in Rangers zone.
17:12 of 1st period - Shot by Kyle Okposo.
17:12 of 1st period - Stopped by Brian Elliott with a rebound.
17:20 of 1st period - Shot by Scott Gomez.
17:20 of 1st period - Shot Blocked by Johnny Boychuk.
18:11 of 1st period - Shot by Bryan McCabe.
18:11 of 1st period - Shot Misses the Net.
18:15 of 1st period - Shot by Alex Tanguay.
18:15 of 1st period - Stopped by Niklas Backstrom without a rebound.
18:16 of 1st period - Scott Gomez wins face-off versus Jannik Hansen in Rangers zone.
18:16 of 1st period - Scott Gomez is hit by Jannik Hansen.
18:28 of 1st period - Shot by Lauri Korpikoski.
18:28 of 1st period - Stopped by Niklas Backstrom without a rebound.
18:29 of 1st period - Eric Belanger wins face-off versus Scott Gomez in Rangers zone.
19:07 of 1st period - Icing by Mark Stuart.
19:08 of 1st period - Frans Nielsen wins face-off versus Eric Belanger in Sharks zone.
19:21 of 1st period - Shot by Radim Vrbata.
19:21 of 1st period - Shot Blocked by Ian White.
19:23 of 1st period - Shot by Frans Nielsen.
19:23 of 1st period - Stopped by Brian Elliott with a rebound.
19:25 of 1st period - Shot by Ben Lovejoy.
19:25 of 1st period - Stopped by Brian Elliott without a rebound.
19:26 of 1st period - Jason Arnott wins face-off versus Tom Pyatt in Sharks zone.
19:30 of 1st period - Bryan McCabe is hit by Francois Beauchemin and loses puck.
19:49 of 1st period - Shot by Jason Arnott.
19:49 of 1st period - Shot Misses the Net.
19:52 of 1st period - Johan Franzen is hit by Stephane Robidas and loses puck.

Period #2

0:01 of 2nd period - Mike Ribeiro wins face-off versus Vinny Prospal in neutral zone.
0:04 of 2nd period - Shot by Mike Ribeiro.
0:04 of 2nd period - Goal by Mike Ribeiro - Sharks : 4 - Rangers : 0.
0:04 of 2nd period - Martin Biron enters game.
0:05 of 2nd period - Frans Nielsen wins face-off versus Jason Arnott in neutral zone.
0:20 of 2nd period - Shot by Johan Franzen.
0:20 of 2nd period - Shot Misses the Net.
0:22 of 2nd period - Shot by Johan Franzen.
0:22 of 2nd period - Shot Misses the Net.
0:32 of 2nd period - Shot by Alex Tanguay.
0:32 of 2nd period - Shot Blocked by Marc Staal.
0:34 of 2nd period - Shot by Bryan McCabe.
0:34 of 2nd period - Shot Blocked by Francois Beauchemin.
0:36 of 2nd period - Shot by Bryan McCabe.
0:36 of 2nd period - Goal by Bryan McCabe - Sharks : 5 - Rangers : 0.
0:37 of 2nd period - Ryan Malone wins face-off versus Scott Gomez in neutral zone.
0:50 of 2nd period - Shot by Scott Gomez.
0:50 of 2nd period - Stopped by Brian Elliott without a rebound.
0:51 of 2nd period - Eric Belanger wins face-off versus Vinny Prospal in Sharks zone.
1:09 of 2nd period - Shot by David Perron.
1:09 of 2nd period - Stopped by Brian Elliott without a rebound.
1:10 of 2nd period - Scott Gomez wins face-off versus Marc Savard in Sharks zone.
2:25 of 2nd period - Icing by Alex Tanguay.
2:26 of 2nd period - Jason Arnott wins face-off versus Vinny Prospal in Sharks zone.
2:37 of 2nd period - Shot by Johan Franzen.
2:37 of 2nd period - Shot Blocked by Marc Staal.
2:39 of 2nd period - Shot by Alex Tanguay.
2:39 of 2nd period - Stopped by Martin Biron without a rebound.
2:40 of 2nd period - Frans Nielsen wins face-off versus Lauri Korpikoski in Rangers zone.
2:49 of 2nd period - Shot by Radim Vrbata.
2:49 of 2nd period - Stopped by Brian Elliott with a rebound.
2:51 of 2nd period - Shot by Marc Staal.
2:51 of 2nd period - Stopped by Brian Elliott with a rebound.
2:55 of 2nd period - Shot by Rene Bourque.
2:55 of 2nd period - Stopped by Brian Elliott without a rebound.
2:56 of 2nd period - Vinny Prospal wins face-off versus Mike Ribeiro in Sharks zone.
3:08 of 2nd period - Shot by Vinny Prospal.
3:08 of 2nd period - Deflect By Mike Cammalleri.
3:08 of 2nd period - Shot Misses the Net.
3:10 of 2nd period - Shot by Marc Staal.
3:10 of 2nd period - Shot Blocked by Johnny Boychuk.
3:14 of 2nd period - Shot by Vinny Prospal.
3:14 of 2nd period - Shot Misses the Net.
3:16 of 2nd period - Shot by Mike Cammalleri.
3:16 of 2nd period - Goal by Mike Cammalleri - Sharks : 5 - Rangers : 1.
3:17 of 2nd period - Frans Nielsen wins face-off versus Jason Arnott in neutral zone.
3:29 of 2nd period - Shot by Alex Tanguay.
3:29 of 2nd period - Shot Blocked by Francois Beauchemin.
3:33 of 2nd period - Shot by Bryan McCabe.
3:33 of 2nd period - Shot Blocked by Stephane Robidas.
3:35 of 2nd period - Shot by Johan Franzen.
3:35 of 2nd period - Deflect By Alex Tanguay.
3:35 of 2nd period - Shot Misses the Net.
3:37 of 2nd period - Shot by Jason Arnott.
3:37 of 2nd period - Shot Misses the Net.
3:39 of 2nd period - Shot by Andrew Ference.
3:39 of 2nd period - Shot Blocked by Stephane Robidas.
3:44 of 2nd period - Alex Tanguay is hit by Francois Beauchemin and loses puck.
3:48 of 2nd period - Alex Tanguay is hit by Stephane Robidas and loses puck.
4:13 of 2nd period - Shot by Eric Belanger.
4:13 of 2nd period - Stopped by Martin Biron with a rebound.
4:28 of 2nd period - Shot by Vinny Prospal.
4:28 of 2nd period - Shot Hit the Post.
4:30 of 2nd period - Shot by Ben Lovejoy.
4:30 of 2nd period - Stopped by Brian Elliott without a rebound.
4:31 of 2nd period - Marc Savard wins face-off versus Scott Gomez in Sharks zone.
4:52 of 2nd period - Shot by David Moss.
4:52 of 2nd period - Shot Misses the Net.
5:08 of 2nd period - Shot by David Moss.
5:08 of 2nd period - Stopped by Martin Biron without a rebound.
5:09 of 2nd period - Jason Arnott wins face-off versus Tom Pyatt in Rangers zone.
6:09 of 2nd period - Rene Bourque is hit by Andrew Ference and loses puck.
6:24 of 2nd period - Radim Vrbata is hit by Johan Franzen and loses puck.
6:25 of 2nd period - Radim Vrbata from Rangers is injured at 6:25 of 2nd period (Bruised Right Leg).
6:26 of 2nd period - Vinny Prospal wins face-off versus Mike Ribeiro in Rangers zone.
6:26 of 2nd period - Stephane Robidas is hit by Ryan Malone and loses puck.
6:40 of 2nd period - Shot by Vinny Prospal.
6:40 of 2nd period - Shot Misses the Net.
6:43 of 2nd period - David Perron is hit by Johnny Boychuk and loses puck.
7:03 of 2nd period - Icing by Ryan Malone.
7:04 of 2nd period - Kyle Okposo wins face-off versus Mike Ribeiro in Sharks zone.
7:50 of 2nd period - Minor Penalty to Johnny Boychuk for Holding.
7:51 of 2nd period - Vinny Prospal wins face-off versus Eric Belanger in Sharks zone.
7:51 of 2nd period - Vinny Prospal is hit by Andrew Ference.
8:11 of 2nd period - Shot by Jason Arnott.
8:11 of 2nd period - Shot Blocked by Stephane Robidas.
8:12 of 2nd period - Minor Penalty to Eric Belanger for Goalie Interference.
8:13 of 2nd period - Frans Nielsen wins face-off versus Alex Tanguay in Sharks zone.
8:16 of 2nd period - Shot by Marc Staal.
8:16 of 2nd period - Stopped by Brian Elliott without a rebound.
8:17 of 2nd period - Alex Tanguay wins face-off versus Frans Nielsen in Sharks zone.
8:34 of 2nd period - Shot by Rene Bourque.
8:34 of 2nd period - Shot Misses the Net.
8:36 of 2nd period - Shot by Frans Nielsen.
8:36 of 2nd period - Shot Misses the Net.
8:38 of 2nd period - Shot by Frans Nielsen.
8:38 of 2nd period - Stopped by Brian Elliott without a rebound.
8:39 of 2nd period - Johan Franzen wins face-off versus Vinny Prospal in Sharks zone.
9:35 of 2nd period - Mike Ribeiro is hit by Rene Bourque and loses puck.
10:02 of 2nd period - Guillaume Latendresse is hit by Andrew Ference and loses puck.
10:27 of 2nd period - Shot by Scottie Upshall.
10:27 of 2nd period - Shot Misses the Net.
10:49 of 2nd period - Shot by David Moss.
10:49 of 2nd period - Stopped by Martin Biron without a rebound.
10:50 of 2nd period - David Perron wins face-off versus Eric Belanger in Rangers zone.
10:50 of 2nd period - David Perron is hit by Eric Belanger.
11:13 of 2nd period - Minor Penalty to Mark Stuart for Holding.
11:14 of 2nd period - Eric Belanger wins face-off versus Frans Nielsen in Sharks zone.
11:35 of 2nd period - Shot by Ben Lovejoy.
11:35 of 2nd period - Stopped by Brian Elliott without a rebound.
11:36 of 2nd period - Frans Nielsen wins face-off versus Mike Ribeiro in Sharks zone.
11:37 of 2nd period - Shot by Marc Staal.
11:37 of 2nd period - Shot Blocked by Johnny Boychuk.
12:36 of 2nd period - Shot by Francois Beauchemin.
12:36 of 2nd period - Shot Misses the Net.
12:38 of 2nd period - Shot by Vinny Prospal.
12:38 of 2nd period - Shot Misses the Net.
12:42 of 2nd period - Shot by Vinny Prospal.
12:42 of 2nd period - Shot Blocked by Johnny Boychuk.
13:15 of 2nd period - Rene Bourque is hit by Mark Stuart and loses puck.
13:26 of 2nd period - Shot by Rene Bourque.
13:26 of 2nd period - Stopped by Brian Elliott with a rebound.
13:28 of 2nd period - Shot by Marc Staal.
13:28 of 2nd period - Goal by Marc Staal - Sharks : 5 - Rangers : 2.
13:29 of 2nd period - Scott Gomez wins face-off versus Jason Arnott in neutral zone.
13:37 of 2nd period - Off-side.
13:38 of 2nd period - Tom Pyatt wins face-off versus Marc Savard in neutral zone.
13:41 of 2nd period - Shot by Vinny Prospal.
13:41 of 2nd period - Stopped by Brian Elliott with a rebound.
13:43 of 2nd period - Shot by Scottie Upshall.
13:43 of 2nd period - Goal by Scottie Upshall - Sharks : 5 - Rangers : 3.
13:44 of 2nd period - Mike Cammalleri wins face-off versus Jason Arnott in neutral zone.
14:23 of 2nd period - Icing by Mike Cammalleri.
14:24 of 2nd period - Frans Nielsen wins face-off versus Eric Belanger in Rangers zone.
14:40 of 2nd period - Minor Penalty to Jannik Hansen for High sticking.
14:41 of 2nd period - Mike Ribeiro wins face-off versus Vinny Prospal in Sharks zone.
14:41 of 2nd period - Shane Doan is hit by Vinny Prospal and loses puck.
15:15 of 2nd period - Icing by David Perron.
15:16 of 2nd period - Eric Belanger wins face-off versus Vinny Prospal in Rangers zone.
15:16 of 2nd period - Eric Belanger is hit by Stephane Robidas.
15:39 of 2nd period - Icing by Tom Pyatt.
15:40 of 2nd period - Tom Pyatt wins face-off versus Mike Ribeiro in Rangers zone.
16:10 of 2nd period - Shot by Guillaume Latendresse.
16:10 of 2nd period - Stopped by Brian Elliott without a rebound.
16:11 of 2nd period - Frans Nielsen wins face-off versus Eric Belanger in Sharks zone.
16:18 of 2nd period - Shot by Rene Bourque.
16:18 of 2nd period - Stopped by Brian Elliott without a rebound.
16:19 of 2nd period - Eric Belanger wins face-off versus Vinny Prospal in Sharks zone.
16:19 of 2nd period - Eric Belanger is hit by Vinny Prospal.
16:37 of 2nd period - Shot by Vinny Prospal.
16:37 of 2nd period - Stopped by Brian Elliott without a rebound.
16:38 of 2nd period - Frans Nielsen wins face-off versus Eric Belanger in Sharks zone.
16:52 of 2nd period - Scott Gomez is hit by Matt Niskanen and loses puck.
17:14 of 2nd period - Kyle Okposo is hit by Matt Niskanen and loses puck.
18:20 of 2nd period - Off-side.
18:21 of 2nd period - Mike Ribeiro wins face-off versus Tom Pyatt in neutral zone.
18:21 of 2nd period - Mike Ribeiro is hit by Scottie Upshall.
18:32 of 2nd period - Off-side.
18:33 of 2nd period - Eric Belanger wins face-off versus Kyle Okposo in neutral zone.
18:50 of 2nd period - Jannik Hansen is hit by Keith Ballard and loses puck.
18:55 of 2nd period - Shot by Lauri Korpikoski.
18:55 of 2nd period - Stopped by Martin Biron without a rebound.
18:56 of 2nd period - Marc Savard wins face-off versus Frans Nielsen in Rangers zone.
19:03 of 2nd period - Shot by David Moss.
19:03 of 2nd period - Shot Misses the Net.
19:18 of 2nd period - Mike Cammalleri is hit by Matt Niskanen and loses puck.
19:25 of 2nd period - Shot by Mike Cammalleri.
19:25 of 2nd period - Shot Hit the Post.
19:27 of 2nd period - Shot by Frans Nielsen.
19:27 of 2nd period - Shot Blocked by Matt Niskanen.
19:29 of 2nd period - Shot by Frans Nielsen.
19:29 of 2nd period - Shot Misses the Net.
19:31 of 2nd period - Shot by Stephane Robidas.
19:31 of 2nd period - Goal by Stephane Robidas - Sharks : 5 - Rangers : 4.
19:32 of 2nd period - Eric Belanger wins face-off versus Tom Pyatt in neutral zone.
19:51 of 2nd period - Shot by Stephane Robidas.
19:51 of 2nd period - Stopped by Brian Elliott with a rebound.
19:53 of 2nd period - Shot by Stephane Robidas.
19:53 of 2nd period - Stopped by Brian Elliott without a rebound.
19:54 of 2nd period - Jason Arnott wins face-off versus Scott Gomez in Sharks zone.

Period #3

0:01 of 3rd period - Vinny Prospal wins face-off versus Mike Ribeiro in neutral zone.
0:16 of 3rd period - Shot by David Perron.
0:16 of 3rd period - Shot Misses the Net.
0:19 of 3rd period - Minor Penalty to Johnny Boychuk for Hooking.
0:20 of 3rd period - Frans Nielsen wins face-off versus Eric Belanger in Sharks zone.
0:47 of 3rd period - Shot by Stephane Robidas.
0:47 of 3rd period - Shot Misses the Net.
0:49 of 3rd period - Shot by Frans Nielsen.
0:49 of 3rd period - Stopped by Brian Elliott with a rebound.
0:51 of 3rd period - Shot by Vinny Prospal.
0:51 of 3rd period - Goal by Vinny Prospal - Sharks : 5 - Rangers : 5.
0:52 of 3rd period - Scott Gomez wins face-off versus Marc Savard in neutral zone.
1:26 of 3rd period - Icing by Ben Lovejoy.
1:27 of 3rd period - Scott Gomez wins face-off versus Eric Belanger in Rangers zone.
1:27 of 3rd period - Scott Gomez is hit by Jannik Hansen.
1:41 of 3rd period - Shot by Lauri Korpikoski.
1:41 of 3rd period - Shot Misses the Net.
1:49 of 3rd period - Shot by Eric Belanger.
1:49 of 3rd period - Shot Misses the Net.
2:05 of 3rd period - Shot by Lauri Korpikoski.
2:05 of 3rd period - Stopped by Martin Biron without a rebound.
2:06 of 3rd period - Jason Arnott wins face-off versus Frans Nielsen in Rangers zone.
2:21 of 3rd period - Shot by Johan Franzen.
2:21 of 3rd period - Stopped by Martin Biron without a rebound.
2:22 of 3rd period - Tom Pyatt wins face-off versus Marc Savard in Rangers zone.
2:45 of 3rd period - Shot by Scottie Upshall.
2:45 of 3rd period - Shot Misses the Net.
2:54 of 3rd period - David Moss is hit by Stephane Robidas and loses puck.
3:50 of 3rd period - Shot by Johan Franzen.
3:50 of 3rd period - Stopped by Martin Biron with a rebound.
5:08 of 3rd period - Shot by Marc Savard.
5:08 of 3rd period - Stopped by Martin Biron without a rebound.
5:09 of 3rd period - Jason Arnott wins face-off versus Frans Nielsen in Rangers zone.
5:40 of 3rd period - Shot by Alex Tanguay.
5:40 of 3rd period - Shot Blocked by Francois Beauchemin.
6:07 of 3rd period - Bryan McCabe is hit by Troy Brouwer and loses puck.
6:20 of 3rd period - Shot by Scott Gomez.
6:20 of 3rd period - Shot Misses the Net.
7:09 of 3rd period - Shot by Rene Bourque.
7:09 of 3rd period - Shot Misses the Net.
7:29 of 3rd period - Vinny Prospal is hit by Shane Doan and loses puck.
7:37 of 3rd period - Minor Penalty to Jannik Hansen for Holding.
7:38 of 3rd period - Eric Belanger wins face-off versus Scott Gomez in Sharks zone.
7:38 of 3rd period - Eric Belanger is hit by Scottie Upshall.
7:56 of 3rd period - Shot by Vinny Prospal.
7:56 of 3rd period - Stopped by Brian Elliott without a rebound.
7:57 of 3rd period - Frans Nielsen wins face-off versus Eric Belanger in Sharks zone.
8:07 of 3rd period - Shot by Francois Beauchemin.
8:07 of 3rd period - Shot Blocked by David Moss.
8:09 of 3rd period - Shot by Marc Staal.
8:09 of 3rd period - Stopped by Brian Elliott without a rebound.
8:10 of 3rd period - Eric Belanger wins face-off versus Mike Cammalleri in Sharks zone.
8:25 of 3rd period - Shot by Francois Beauchemin.
8:25 of 3rd period - Stopped by Brian Elliott without a rebound.
8:26 of 3rd period - Frans Nielsen wins face-off versus Eric Belanger in Sharks zone.
8:41 of 3rd period - Shot by Frans Nielsen.
8:41 of 3rd period - Shot Blocked by Andrew Ference.
8:51 of 3rd period - Shot by Frans Nielsen.
8:51 of 3rd period - Stopped by Brian Elliott without a rebound.
8:52 of 3rd period - Mike Ribeiro wins face-off versus Vinny Prospal in Sharks zone.
9:36 of 3rd period - Shot by Scottie Upshall.
9:36 of 3rd period - Shot Blocked by Andrew Ference.
9:41 of 3rd period - Off-side.
9:42 of 3rd period - Marc Savard wins face-off versus Scott Gomez in neutral zone.
9:57 of 3rd period - Shot by Marc Savard.
9:57 of 3rd period - Stopped by Martin Biron without a rebound.
9:58 of 3rd period - Tom Pyatt wins face-off versus Jason Arnott in Rangers zone.
11:08 of 3rd period - Shot by Eric Belanger.
11:08 of 3rd period - Shot Misses the Net.
11:10 of 3rd period - Shot by Eric Belanger.
11:10 of 3rd period - Stopped by Martin Biron without a rebound.
11:11 of 3rd period - Marc Savard wins face-off versus Scott Gomez in Rangers zone.
12:28 of 3rd period - Shot by Scottie Upshall.
12:28 of 3rd period - Stopped by Brian Elliott with a rebound.
12:30 of 3rd period - Shot by Marc Staal.
12:30 of 3rd period - Shot Hit the Post.
12:34 of 3rd period - Shot by Marc Staal.
12:34 of 3rd period - Shot Misses the Net.
12:36 of 3rd period - Shot by Scottie Upshall.
12:36 of 3rd period - Shot Misses the Net.
13:23 of 3rd period - Icing by Bryan McCabe.
13:24 of 3rd period - Frans Nielsen wins face-off versus Jason Arnott in Sharks zone.
13:45 of 3rd period - Shot by Kyle Okposo.
13:45 of 3rd period - Stopped by Brian Elliott without a rebound.
13:46 of 3rd period - Tom Pyatt wins face-off versus Marc Savard in Sharks zone.
13:46 of 3rd period - Tom Pyatt is hit by Johnny Boychuk.
13:56 of 3rd period - Troy Brouwer is hit by Vladimir Sobotka and loses puck.
14:20 of 3rd period - Icing by Francois Beauchemin.
14:21 of 3rd period - Jason Arnott wins face-off versus Tom Pyatt in Rangers zone.
14:24 of 3rd period - Shot by Johan Franzen.
14:24 of 3rd period - Shot Blocked by Stephane Robidas.
15:14 of 3rd period - Icing by Mark Stuart.
15:15 of 3rd period - Mike Ribeiro wins face-off versus Scott Gomez in Sharks zone.
15:36 of 3rd period - Shot by Scott Gomez.
15:36 of 3rd period - Stopped by Brian Elliott without a rebound.
15:37 of 3rd period - Johan Franzen wins face-off versus Frans Nielsen in Sharks zone.
15:41 of 3rd period - Minor Penalty to Marc Staal for Holding.
15:42 of 3rd period - Jason Arnott wins face-off versus Frans Nielsen in Rangers zone.
16:47 of 3rd period - Scott Gomez is hit by Ryan Malone and loses puck.
17:11 of 3rd period - Shot by Johan Franzen.
17:11 of 3rd period - Stopped by Martin Biron with a rebound.
17:13 of 3rd period - Shot by Alex Tanguay.
17:13 of 3rd period - Shot Misses the Net.
18:05 of 3rd period - Shot by Jason Arnott.
18:05 of 3rd period - Shot Misses the Net.
19:47 of 3rd period - Shot by Shane Doan.
19:47 of 3rd period - Stopped by Martin Biron with a rebound.

Overtime #1

0:01 of 1st overtime period - Vinny Prospal wins face-off versus Mike Ribeiro in neutral zone.
0:18 of 1st overtime period - Icing by Shane Doan.
0:19 of 1st overtime period - Mike Ribeiro wins face-off versus Scott Gomez in Sharks zone.
0:45 of 1st overtime period - Shot by Mike Ribeiro.
0:45 of 1st overtime period - Stopped by Martin Biron with a rebound.
0:47 of 1st overtime period - Shot by Shane Doan.
0:47 of 1st overtime period - Stopped by Martin Biron without a rebound.
0:48 of 1st overtime period - Vinny Prospal wins face-off versus Jason Arnott in Rangers zone.
0:48 of 1st overtime period - Vinny Prospal is hit by Jason Arnott.
1:12 of 1st overtime period - Shot by Johan Franzen.
1:12 of 1st overtime period - Shot Misses the Net.
1:54 of 1st overtime period - Shot by Shane Doan.
1:54 of 1st overtime period - Stopped by Martin Biron without a rebound.
1:55 of 1st overtime period - Jason Arnott wins face-off versus Scott Gomez in Rangers zone.
2:11 of 1st overtime period - Icing by Ben Lovejoy.
2:12 of 1st overtime period - Scott Gomez wins face-off versus Mike Ribeiro in Rangers zone.
2:12 of 1st overtime period - Scott Gomez is hit by Shane Doan.
2:30 of 1st overtime period - Shot by Mike Ribeiro.
2:30 of 1st overtime period - Stopped by Martin Biron without a rebound.
2:31 of 1st overtime period - Vinny Prospal wins face-off versus Jason Arnott in Rangers zone.
4:17 of 1st overtime period - Shot by Eric Belanger.
4:17 of 1st overtime period - Shot Misses the Net.
4:19 of 1st overtime period - Shot by Mark Stuart.
4:19 of 1st overtime period - Shot Misses the Net.
4:21 of 1st overtime period - Shot by Ryan Malone.
4:21 of 1st overtime period - Goal by Ryan Malone - Sharks : 6 - Rangers : 5.


Output by the SimonT Hockey Simulator (STHS) for Stephane Roy -- Original Page W3C XHTML 1.0 Valid